 Dungeon Crawl Stone Soup version 0.31-a0-1206-g41278d8d1d (webtiles) character file.

Game seed: 92491818719596787

24 IdlyInterested the Trooper (level 2, -4/24 HPs)
             Began as a Demonspawn Fighter on Dec 13, 2023.
             Slain by an ogre
             ... wielding a +0 giant club
              (7 damage)
             ... on level 2 of the Dungeon.
             The game lasted 00:02:30 (992 turns).

IdlyInterested the Trooper (Demonspawn Fighter)      Turns: 992, Time: 00:02:31

Health: -4/24      AC: 11    Str: 16    XL:     2   Next: 79%
Magic:  2/2        EV:  8    Int:  8    God:
Gold:   80         SH:  4    Dex: 12    Spells: 1/1 levels left

rFire   . .          .
                       - Unarmed
rCold   . . .        b - +0 buckler
rNeg    . . .        a - +0 scale mail
rPois   .            l - +0 helmet
rElec   .            (no cloak)
rCorr   .            (no gloves)
SInv    .            (no boots)
Will    .....        (no amulet) Stlth
                     r - +4 ring of protection
HPRegen 0.24/turn    (no ring)
MPRegen 0.08/turn

%: no passive effects
@: mighty
A: claws 1
a: no special abilities


You were on level 2 of the Dungeon.
You visited 1 branch of the dungeon, and saw 2 of its levels.

You collected 80 gold pieces.

Inventory:

Hand Weapons
 h - a +0 dagger
 n - a +0 hand axe
 q - a +0 spear
Missiles
 e - 6 stones (quivered)
Armour
 a - a +0 scale mail (worn)
 b - a +0 buckler (worn)
 g - a +0 leather armour
 l - a +0 helmet (worn)
Jewellery
 k - an amulet of faith
 r - a +4 ring of protection (left claw)
Scrolls
 i - a scroll of poison {unknown}
 j - 2 scrolls of teleportation {unknown}
 o - a scroll of identify {unknown}
 t - a scroll of torment {unknown}
Potions
 c - a potion of might
 d - a potion of heal wounds {unknown}
 f - a potion of magic {unknown}
 m - a potion of enlightenment {unknown}
 p - a potion of degeneration {unknown}
 s - a potion of curing {unknown}
 u - a potion of ambrosia {unknown}


   Skills:
 + Level 3.6 Fighting
 - Level 1.0 Throwing
 - Level 3.0 Armour
 - Level 2.6 Shields
 - Level 1.7 Unarmed Combat


You had one spell level left.
You didn't know any spells.
Your spell library contained the following spells:

 Spells                   Type           Power      Damage    Failure   Level
 Kiss of Death            Conj/Necr      0%         2d5       90%         1
 Confusing Touch          Hex            0%         N/A       99%         3
 Dispel Undead            Necr           0%         3d6       100%        4


Dungeon Overview and Level Annotations

Branches:
Dungeon (2/15)

Altars:


Innate Abilities, Weirdness & Mutations

You have sharp fingernails.


Message History

u - a ruby potion
There is an escape hatch in the ceiling here.
A mysterious force pulls you upwards. The hatch slams shut behind you.
There is a stone staircase leading down here.
You climb downwards.
There is a stone staircase leading up here.
An ogre comes into view. It is wielding a +0 giant club.
The ogre shouts!
Throw: 9 stones
Press: ? - help, Q - select action Shift-Dir - straight line, f - ogre
Aim: an ogre, wielding a +0 giant club (71% to hit)
You throw a stone. The stone hits the ogre.
The ogre is lightly wounded.
A hobgoblin comes into view.
Throw: 8 stones
Press: ? - help, Q - select action Shift-Dir - straight line, f/p - ogre
Aim: an ogre, wielding a +0 giant club (lightly wounded, 71% to hit)
You throw a stone. The hobgoblin shouts!
The stone hits the ogre.
The ogre is lightly wounded.
Throw: 7 stones
Press: ? - help, Q - select action Shift-Dir - straight line, f/p - ogre
Aim: an ogre, wielding a +0 giant club (lightly wounded, 71% to hit)
You throw a stone.
The stone hits the ogre but does no damage.
The ogre is lightly wounded.
You feel very mighty all of a sudden.
You barely miss the ogre.
The ogre is lightly wounded.
The ogre hits you with a +0 giant club!!
Ouch! That really hurt!
* * * LOW HITPOINT WARNING * * *
You claw the ogre!
The ogre is heavily wounded.
A kobold comes into view. It is wielding a +0 short sword.
You scratch the ogre.
The ogre is severely wounded.
The ogre hits you with a +0 giant club!
You die...

+...........+ # #.
#.#.........#
#...##...........##.
.
#.....<####........
#.
##........+........
#.##
#.....####........
#...
#..##...............
#... ##
##...........####
#... #.....@......#
#... #...#.O########
#... ..#.#.g. #...
##. #... .. ##.. ..
..###.. ... .......
.K. ####.## ..#....
#.#


You could see an ogre, a hobgoblin and a kobold.

Vanquished Creatures
  An adder (D:2)
  3 endoplasms
  A giant cockroach (D:2)
  2 goblins
  2 hobgoblins (D:1)
  2 jackals (D:1)
  A bat (D:1)
  2 rats (D:1)
14 creatures vanquished.

Notes
Turn   | Place    | Note
-------+----------+-------------------------------------------
     0 | D:1      | IdlyInterested the Demonspawn Fighter began the quest for
                  | the Orb.
     0 | D:1      | Reached XP level 1. HP: 18/18 MP: 1/1
   528 | D:1      | Gained mutation: You have sharp fingernails. [demonic
                  | ancestry]
   528 | D:1      | Reached XP level 2. HP: 20/24 MP: 2/2
   887 | D:2      | Reached skill level 1 in Throwing
   985 | D:2      | Noticed an ogre
   992 | D:2      | Slain by an ogre

Illustrated notes

Levels and vault maps discovered:
D:1:      roderic_octagonal_star, layout_rooms, serial_forest,
          infiniplex_forest_straight_2, infiniplex_forest_clump_small,
          infiniplex_forest_lined_2, infiniplex_forest_lined_room_,
          infiniplex_forest_end_2, infiniplex_forest_clump_small,
          infiniplex_forest_clump_medium
D:2:      layout_basic, minmay_pentomino_pile

Skill      XL: |  1  2 |
---------------+-------+-----
Armour         | 3 |  3.0
Throwing       | 1 |  1.0
Fighting       | |  3.6
Shields        | |  2.6
Unarmed Combat | |  1.7

Action                     || total
---------------------------++-------
  Melee: Unarmed           ||    93
  Throw: Stone             ||     3
    Use: Potion            ||     1
 Armour: Scale mail        ||    56
  Dodge: Dodged            ||    30
  Block: Buckler           ||    11

Table legend: (Time is in decaauts)
 A = Elapsed time spent in this place.
 B = Non-inter-level travel time spent in this place.
 C = Inter-level travel time spent in this place.
 D = Time resting spent in this place.
 E = Time spent auto-exploring this place.
 F = Levels seen in this place.
 G = Mean time per level.
                   A        B        C        D        E       F      G
               +--------+--------+--------+--------+--------+-----+--------+
         Total |    992 |    946 |     46 |    152 |    500 |   2 |  496.0 |
       Dungeon |    992 |    946 |     46 |    152 |    500 |   2 |  496.0 |
               +--------+--------+--------+--------+--------+-----+--------+

Top non-repeatable levels by time:
     D:1: 815 daAuts
     D:2: 177 daAuts
